 Dungeon Crawl Stone Soup version 0.25.0-9-g26727b657a (webtiles) character file.

Game seed: 4722649737398422212

150 Boltersam the Ruffian (level 5, -5/53 HPs)
             Began as a Troll Monk on June 19, 2020.
             Killed by nerve-wracking pain
             ... invoked by Menkaure
              (9 damage)
             ... on level 4 of the Dungeon.
             The game lasted 00:13:33 (1695 turns).

Boltersam the Ruffian (Troll Monk)                  Turns: 1695, Time: 00:13:37

Health: -5/53      AC:  8    Str: 20    XL:     5   Next: 10%
Magic:  4/4        EV: 11    Int:  6    God:
Gold:   105        SH:  0    Dex: 12    Spells: 4/4 levels left

rFire    . . .     SeeInvis .   i - +1 mace (vorpal)
rCold    + . .     Gourm    +   (no shield)
rNeg     . . .     Faith    .   r - +0 robe
rPois    .         Spirit   .   k - +2 hat
rElec    .         Reflect  .   (no cloak)
rCorr    .         Harm     .   (gloves unavailable)
MR       .....                  (boots unavailable)
Stlth    ++........             (no amulet)
HPRegen  0.57/turn              e - ring of protection from cold
MPRegen  0.09/turn              (no ring)

@: no status effects
A: large, unfitting armour, claws 3, fast metabolism 3, gourmand, regeneration
1, shaggy fur 1, tough skin 3
a: no special abilities


You were on level 4 of the Dungeon.
You were very full.

You visited 1 branch of the dungeon, and saw 4 of its levels.

You collected 105 gold pieces.

Inventory:

Hand Weapons
 i - a +1 vorpal mace (weapon)
 m - a +0 whip
 u - a +0 long sword
Missiles
 h - 35 arrows
 n - 4 javelins (quivered)
Armour
 a - a +0 robe
 d - a +1 pair of boots of flying
 k - a +2 hat (worn)
 l - a +0 robe
 r - a +0 robe (worn)
Jewellery
 e - a ring of protection from cold (left claw)
 x - an uncursed ring of ice {unknown}
Scrolls
 f - 2 scrolls of remove curse {unknown}
 g - 4 scrolls of teleportation {unknown}
 j - a scroll of amnesia {unknown}
 o - a scroll of immolation {unknown}
 p - 3 scrolls of identify {unknown}
Potions
 c - a potion of stabbing {unknown}
 q - a potion of brilliance {unknown}
 s - a potion of might {unknown}
 t - a potion of lignification {unknown}
 v - a potion of resistance
 w - 2 potions of flight {unknown}
 z - 2 potions of magic {unknown}
Comestibles
 b - 11 rations
 A - 5 chunks of flesh


   Skills:
 + Level 3.1 Fighting
 + Level 2.1 Maces & Flails
 + Level 3.3 Dodging
 - Level 1.0 Stealth
 + Level 3.5 Unarmed Combat


You had 4 spell levels left.
You didn't know any spells.
Your spell library was empty.

Dungeon Overview and Level Annotations

Branches:
Dungeon (4/15)
 Temple: D:4-7

Altars:

Annotations:
D:3 Sigmund
D:4 Menkaure


Innate Abilities, Weirdness & Mutations

You are too large for most types of armour.
You have claws for hands.
Your metabolism is lightning-fast.
You like to eat raw meat.
Your natural rate of healing is unusually fast.
You are covered in fur. (AC +1)
You have extremely tough skin. (AC +3)


Message History

Some of the chunks of flesh in your inventory have rotted away.
Menkaure mumbles some strange words.
Menkaure seems to speed up.
Menkaure hits you!!
You sock Menkaure!
Menkaure is heavily damaged.
Menkaure calls on the powers of darkness!
Your body is wracked with pain!
Menkaure gestures at you while chanting.
Pain shoots through your body!
* * * LOW HITPOINT WARNING * * *
Some of the chunks of flesh in your inventory have rotted away.
You barely miss Menkaure.
Menkaure is heavily damaged.
Menkaure calls on the powers of darkness!
Your body is wracked with pain!
* * * LOW HITPOINT WARNING * * *
Menkaure gestures at you while chanting.
Pain shoots through your body!
You die...

.... ... ... ..
.############.###
................
#..[.# #..#
#...M# #@#
#.<..###M#
#.†M.##..#
#....##.##
#.......#
##..#.#.#
#.......#
#..#.#....
#......##.#


You could see Menkaure (fast).

Vanquished Creatures
  Jessica (D:2)
  Ijyb (D:3)
  A worker ant (D:4)
  2 adders
  An ooze (D:1)
  2 worms (D:2)
  A dart slug (D:2)
  2 leopard geckos (D:3)
  2 orcs (D:3)
  4 bats
  4 giant cockroaches
  4 goblins
  3 hobgoblins (D:1)
  A ball python (D:3)
  4 frilled lizards
  6 kobolds
  A leopard gecko skeleton (D:3)
  7 rats
47 creatures vanquished.

Notes
Turn   | Place    | Note
-------+----------+-------------------------------------------
     0 | D:1      | Boltersam the Troll Monk began the quest for the Orb.
     0 | D:1      | Reached XP level 1. HP: 22/22 MP: 0/0
   121 | D:1      | Reached XP level 2. HP: 28/29 MP: 1/1
   736 | D:2      | Reached XP level 3. HP: 20/36 MP: 2/2
   793 | D:2      | Noticed Jessica
   935 | D:2      | Killed Jessica
   935 | D:2      | Reached skill level 1 in Maces & Flails
   935 | D:2      | Reached XP level 4. HP: 44/44 MP: 3/3
  1441 | D:3      | Noticed Ijyb
  1466 | D:3      | Killed Ijyb
  1523 | D:3      | Noticed Sigmund
  1672 | D:4      | Reached XP level 5. HP: 48/53 MP: 4/4
  1676 | D:4      | Noticed Menkaure
  1695 | D:4      | Killed from afar by Menkaure

Illustrated notes

Levels and vault maps discovered:
D:1:      lightli_arrival_chessboard, layout_loops_cross
D:2:      layout_loops_ring, first_ration, uniq_jessica
D:3:      layout_loops_ring, uniq_natasha, uniq_ijyb, uniq_sigmund
D:4:      layout_rooms, serial_co_window_serial, co_window_paths_b,
          co_window_paths_b, co_window_paths_a, co_window_cross_1,
          co_window_paths_a, co_window_paths_c, co_window_corner_b,
          co_window_2corner, co_window_of_opportunity_b, co_window_broadway_c,
          co_window_sun, glass_columns_b, glass_columns_a, glass_columns_a,
          uniq_menkaure

Skill      XL: |  1  2  3  4 |
---------------+-------------+-----
Maces & Flails | 1 2 |  2.1
Dodging        | 3 |  3.3
Fighting       | 3 |  3.1
Stealth        | |  1.0
Unarmed Combat | |  3.5

Action                   |  1- 3 |  4- 6 || total
-------------------------+-------+-------++-------
Melee: Unarmed           |    25 |       ||    25
       Mace              |    46 |    64 ||   110
 Stab: Sleeping          |     1 |     2 ||     3
  Eat: Chunk             |    13 |     7 ||    20
Armor: Robe              |    37 |    43 ||    80
Dodge: Dodged            |    47 |    69 ||   116
